 Dungeon Crawl Stone Soup version 0.19.1-1-g22dce08 (webtiles) character file.

96 Gargoyl the Skirmisher (level 4, 0/40 HPs)
             Began as a Ghoul Abyssal Knight on Dec 30, 2016.
             Was a Follower of Lugonu.
             Slain by a worker ant (5 damage)
             ... on level 4 of the Dungeon.
             The game lasted 00:05:22 (1891 turns).

Gargoyl the Skirmisher (Ghoul Abyssal Knight)       Turns: 1891, Time: 00:05:23

Health: 0/40       AC: 10    Str: 15    XL:     4   Next: 67%
Magic:  4/4        EV:  6    Int:  7    God:    Lugonu [*.....]
Gold:   155        SH:  3    Dex:  9    Spells: 0 memorised, 3 levels left

rFire  . . .     SeeInvis +     t - +0 war axe
rCold  + . .     Gourm    .     m - +0 chain mail
rNeg   + + +     Faith    .     q - +0 buckler
rPois  ∞         Spirit   .     (no helmet)
rElec  .         Reflect  .     l - +0 cloak
rCorr  +         Harm     .     (no gloves)
MR     .....                    (no boots)
Stlth  ..........               d - amulet of regeneration
                                j - ring of see invisible
                                e - ring of resist corrosion

@: rotting
A: rotting body, claws 1, carnivore 3, cold resistance 1, negative energy
resistance 3, slow regeneration 1, torment resistance, unbreathing
a: Depart the Abyss, Renounce Religion


You were on level 4 of the Dungeon.
You worshipped Lugonu.
Lugonu was aware of your devotion.
You were not hungry.

You visited 1 branch of the dungeon, and saw 4 of its levels.
You visited the Abyss 1 time.

You collected 155 gold pieces.

Inventory:

Hand Weapons
 a - a +2 hand axe
 p - a +0 spear
 r - a +0 blowgun
 t - a +0 war axe (weapon)
Missiles
 s - 8 poisoned needles
Armour
 l - a +0 cloak (worn)
 m - a +0 chain mail (worn)
 q - a +0 buckler (worn)
Jewellery
 d - an amulet of regeneration (around neck)
 e - a ring of resist corrosion (left claw)
 j - a ring of see invisible (right claw)
Scrolls
 g - a scroll of identify
 h - a scroll of enchant weapon
Potions
 b - a potion of lignification {unknown}
 f - a potion of invisibility {unknown}
 i - 2 potions of haste {unknown}
 k - a potion of heal wounds {unknown}
 n - a potion of might {unknown}
 o - a potion of curing {unknown}
Comestibles
 c - 3 meat rations


   Skills:
 + Level 4.0 Fighting
 + Level 2.3 Axes
 * Level 3.0 Armour
 + Level 0.8 Dodging
 + Level 0.1 Shields
 * Level 2.6 Invocations


You had 3 spell levels left.
You didn't know any spells.

Dungeon Overview and Level Annotations

Branches:
Dungeon (4/15)
 Temple: D:4-7

Altars:

Annotations:
D:3 Elizilla's ghost, amateur FoFi


Innate Abilities, Weirdness & Mutations

Your body is rotting away.
You thrive on raw meat.
You are immune to poison.
You have sharp fingernails.
You are carnivorous and can eat meat at any time.
Your flesh is cold resistant. (rC+)
You are immune to negative energy. (rN+++)
You regenerate slowly when monsters are visible.
You are immune to unholy pain and torment.
You can survive without breathing.


Message History

The worker ant is almost dead.
The worker ant closely misses you. The worker ant bites you.
You hit the worker ant but do no damage.
The worker ant is almost dead.
The worker ant bites you.
* * * LOW HITPOINT WARNING * * *
You block the worker ant's attack.
Your chain mail prevents you from hitting the worker ant.
The worker ant is almost dead.
The worker ant barely misses you.
You hit the worker ant.
The worker ant is almost dead.
The worker ant bites you.
* * * LOW HITPOINT WARNING * * *
The worker ant bites you but does no damage.
You closely miss the worker ant.
The worker ant is almost dead.
The worker ant bites you but does no damage.
The worker ant bites you.
You die...

##...######......#
..
###...<..##.###..#
"..
######....####.
..## ####....#
.#...
#.##.###...##
###.##......?..
...............
..........#.###
..%....@.......
....####a.#...##
..... #..#...# ..
#... ..# ...#.#.#
...#.#.# .... #
.####


You could see a worker ant.

Vanquished Creatures
  4 adders
  A worm (D:4)
  3 leopard geckos
  An orc (D:3)
  4 bats
  2 giant cockroaches
  8 goblins
  8 hobgoblins
  2 ball pythons
  3 frilled lizards
  7 kobolds
  9 rats
52 creatures vanquished.

Notes
Turn   | Place    | Note
-------+----------+-------------------------------------------
     0 | Abyss:1  | Gargoyl the Ghoul Abyssal Knight began the quest for the Orb.
     0 | Abyss:1  | Reached XP level 1. HP: 19/19 MP: 1/1
    59 | Abyss:2  | Noticed a small abomination
    90 | Abyss:2  | Noticed a large abomination
    97 | Abyss:2  | Noticed a shadow demon
   100 | Abyss:2  | Noticed a neqoxec
   101 | Abyss:2  | Noticed a smoke demon
   101 | Abyss:2  | Noticed a chaos spawn
   102 | D:1      | Escaped the Abyss
   183 | D:1      | Reached XP level 2. HP: 22/27 MP: 2/2
   388 | D:1      | Reached * piety under Lugonu
   709 | D:2      | Reached XP level 3. HP: 33/33 MP: 3/3
   872 | D:2      | Reached skill level 4 in Fighting
  1161 | D:2      | Reached XP level 4. HP: 33/40 MP: 4/4
  1701 | D:3      | Noticed Elizilla's ghost (amateur FoFi)
  1891 | D:4      | Slain by a worker ant

Skill      XL: |  1  2  3  4 |
---------------+-------------+-----
Armour         | 2 3 |  3.0
Axes           | 2 |  2.3
Fighting       | 4 |  4.0
Dodging        | |  0.8
Shields        | |  0.1
Invocations    | |  2.6

Action                   |  1- 3 |  4- 6 || total
-------------------------+-------+-------++-------
Melee: Hand axe          |   120 |    34 ||   154
       War axe           |       |    50 ||    50
Invok: Depart the Abyss  |     1 |       ||     1
  Use: Scroll            |     2 |     6 ||     8
  Eat: Chunk             |     7 |    12 ||    19
Armor: Leather armour    |     8 |       ||     8
       Chain mail        |    67 |    83 ||   150
Dodge: Dodged            |    49 |    29 ||    78
Block: Buckler           |       |    13 ||    13
